 Dungeon Crawl Stone Soup version 0.22.1-2-g9c5b331 (webtiles) character file.

297 WarriorsX the Magician (level 6, -15/32 HPs)
             Began as a Deep Elf Conjurer on Dec 29, 2018.
             Demolished by Dowan
             ... wielding a +4 dagger of electrocution
              (17 damage)
             ... on level 4 of the Dungeon.
             The game lasted 00:08:28 (3158 turns).

WarriorsX the Magician (Deep Elf Conjurer)          Turns: 3158, Time: 00:08:31

Health: -15/32     AC:  6    Str: 10    XL:     6   Next: 12%
Magic:  8/18       EV: 13    Int: 22    God:
Gold:   157        SH:  0    Dex: 15    Spells: 18/19 levels left

rFire    . . .     SeeInvis .   (no weapon)
rCold    . . .     Gourm    .   (no shield)
rNeg     . . .     Faith    .   a - +0 robe
rPois    .         Spirit   .   g - +2 hat
rElec    .         Reflect  .   s - +0 cloak (curse)
rCorr    .         Harm     .   o - +0 pair of gloves
MR       .....                  (no boots)
Stlth    +++.......             (no amulet)
HPRegen  0.10/turn              (no ring)
MPRegen  0.16/turn              (no ring)

@: mighty
A: no striking features
a: no special abilities


You were on level 4 of the Dungeon.
You were hungry.

You visited 1 branch of the dungeon, and saw 4 of its levels.

You collected 157 gold pieces.

Inventory:

Armour
 a - a +0 robe (worn)
 g - a +2 hat (worn)
 o - a +0 pair of gloves (worn)
 s - a cursed +0 cloak (worn)
Jewellery
 k - a +4 ring of strength {unknown}
 q - a cursed ring of attention {unknown}
Scrolls
 b - 3 scrolls of teleportation {unknown}
 d - 4 scrolls of identify {unknown}
 f - a scroll of fog {unknown}
 m - a scroll of enchant armour {unknown}
 r - a scroll of remove curse {unknown}
Potions
 e - a potion of heal wounds {unknown}
 h - 2 potions of might
 i - 3 potions of curing {unknown}
 j - a potion of resistance {unknown}
 l - a potion of lignification {unknown}
 n - a potion of berserk rage {unknown}
 p - a potion of degeneration {unknown}
 u - a potion of haste {unknown}
Comestibles
 c - 5 rations
 t - a chunk of flesh


   Skills:
 - Level 2.4 Dodging
 - Level 4.4 Stealth
 + Level 7.2 Spellcasting
 - Level 5.0 Conjurations


You had 18 spell levels left.
You knew the following spells:

 Your Spells              Type           Power        Failure   Level  Hunger
a - Magic Dart            Conj           ####         1%          1    None

Your spell library contained the following spells:

 Spells                   Type           Power        Failure   Level  Hunger
 Searing Ray              Conj           ####..       1%          2    None
 Dazzling Spray           Conj/Hex       ###...       9%          3    None
 Iskenderun's Mystic Bla  Conj           ####....     10%         4    ###....
 Force Lance              Conj/Tloc      ###.....     28%         4    ###....
 Fulminant Prism          Conj/Hex       ###.......   28%         4    ###....


Dungeon Overview and Level Annotations

Branches:
Dungeon (4/15)
 Temple: D:4-7

Altars:
Trog

Annotations:
D:4 Dowan


Message History

You feel clever.
You are feeling hungry.
Your magical contamination has completely faded away.
Dowan mumbles some strange words.
Dowan blinks!
Dowan gestures wildly while chanting.
Dowan blinks!
Dowan mumbles some strange words.
Dowan blinks!
Dowan gestures at you while chanting. The shard of ice hits you!
Dowan hits you with a dagger of electrocution.
* * * LOW HITPOINT WARNING * * *
It was a potion of might.
You feel very mighty all of a sudden.
Dowan hits you with a dagger of electrocution.
* * * LOW HITPOINT WARNING * * *
You are electrocuted!
Ouch! That really hurt!
You die...

#############
######........se.#
.......#########@#
######## #.# # ...
##.## #.# #.# #.#
#.# ####..


You could see Dowan and a scorpion.

Vanquished Creatures
  Duvessa (D:4)
  A bullfrog zombie (D:4)
  A centaur skeleton (D:4)
  A hound skeleton (D:4)
  3 adders
  2 oozes
  A worm (D:2)
  2 dart slugs
  2 leopard geckos
  2 orcs (D:3)
  2 bats (D:3)
  4 giant cockroaches
  7 goblins
  6 hobgoblins
  17 jackals
  4 kobolds
  A quokka (D:3)
  5 frilled lizards
  7 rats
69 creatures vanquished.

Notes
Turn   | Place    | Note
-------+----------+-------------------------------------------
     0 | D:1      | WarriorsX the Deep Elf Conjurer began the quest for the
                  | Orb.
     0 | D:1      | Reached XP level 1. HP: 10/10 MP: 6/6
   228 | D:1      | Reached skill level 4 in Spellcasting
   228 | D:1      | Reached XP level 2. HP: 15/15 MP: 2/9
  1179 | D:1      | Reached XP level 3. HP: 19/19 MP: 7/11
  1273 | D:1      | Reached skill level 5 in Spellcasting
  1483 | D:2      | Found a bloodstained altar of Trog.
  2086 | D:2      | Reached skill level 5 in Conjurations
  2195 | D:2      | Reached XP level 4. HP: 24/24 MP: 7/13
  2976 | D:4      | Reached XP level 5. HP: 20/28 MP: 8/15
  3103 | D:4      | Reached skill level 6 in Spellcasting
  3115 | D:4      | Noticed Duvessa
  3116 | D:4      | Noticed Dowan
  3128 | D:4      | Killed Duvessa
  3128 | D:4      | Reached skill level 7 in Spellcasting
  3128 | D:4      | Reached XP level 6. HP: 14/32 MP: 3/18
  3158 | D:4      | Demolished by Dowan

Skill      XL: |  1  2  3  4  5 |
---------------+----------------+-----
Spellcasting   | 4 5 7 |  7.2
Conjurations   | 5 |  5.0
Stealth        | 4 |  4.4
Dodging        | |  2.4

Action                   |  1- 3 |  4- 6 || total
-------------------------+-------+-------++-------
 Cast: Magic Dart        |    96 |    69 ||   165
  Use: Potion            |       |     1 ||     1
  Eat: Chunk             |     4 |     2 ||     6
Armor: Robe              |     3 |     6 ||     9
Dodge: Dodged            |     9 |    19 ||    28
